 Dungeon Crawl Stone Soup version 0.32-a0-12-g7fc57aa741 (webtiles) character file.

Game seed: 6283664135296170984

91888 Gargoyl the Severer (level 16, -4/159 HPs)
             Began as a Gargoyle Berserker on Jan 14, 2024.
             Was a Priest of Trog.
             Incinerated by a deep elf pyromancer (7 damage)
             ... with a pyre arrow
             ... on level 15 of the Dungeon.
             The game lasted 00:30:25 (22548 turns).

Gargoyl the Severer (Gargoyle Berserker)           Turns: 22548, Time: 00:30:26

Health: -4/159     AC: 35    Str: 28    XL:     16   Next: 4%
Magic:  16/16      EV: 10    Int:  9    God:    Trog [***...]
Gold:   1650       SH:  8    Dex: 15    Spells: 15/15 levels left

rFire   . . .        b - +3 war axe (venom)
rCold   . . .        f - +1 buckler
rNeg    + . .        d - +0 plate armour
rPois   ∞            (no helmet)
rElec   +            G - +2 cloak
rCorr   .            (no gloves)
SInv    .            e - +2 pair of boots
Will    +++..        (no amulet) Stlth
                     v - +6 ring of strength
HPRegen 1.46/turn    (no ring)
MPRegen 0.15/turn

%: no passive effects
@: berserking, on fire, strong-willed, flying, regenerating, glowing, very quick
A: sickness immunity, AC +12, big wings, negative energy resistance 1,
electricity resistance, torment resistance 1, petrification resistance
a: Renounce Religion, Berserk, Trog's Hand


You were on level 15 of the Dungeon.
You worshipped Trog.
Trog was most pleased with you.
You visited 2 branches of the dungeon, and saw 20 of its levels.
You also visited: Bailey.

You collected 2267 gold pieces.
You spent 617 gold pieces at shops.

Inventory:

Hand Weapons
 a - a +1 hand axe of electrocution
 b - a +3 war axe of venom (weapon)
 g - a +2 war axe of flaming
 m - a +0 broad axe of freezing
 D - the +9 falchion of Recklessness {holy, rPois rC+ rN++ Dex-5}
   (You found it on level 1 of the Lair of Beasts)

   Dex-5:     It affects your dexterity (-5).
   rC+:       It protects you from cold.
   rPois:     It protects you from poison rN++: It greatly protects you from
   negative energy.
Missiles
 t - 3 curare-tipped darts
 w - 39 poisoned darts (quivered)
Armour
 d - a +0 plate armour (worn)
 e - a +2 pair of boots (worn)
 f - a +1 buckler (worn)
 G - a +2 cloak (worn)
Jewellery
 v - a +6 ring of strength (left hand)
 y - the ring of Altruism {rF+ Will+}
   (You bought it in a shop on level 12 of the Dungeon)

   [ring of protection from fire]

   rF+:       It protects you from fire.
   Will+:     It increases your willpower.
Wands
 h - a wand of flame (44)
 i - a wand of quicksilver (5)
 o - a wand of paralysis (20)
 z - a wand of polymorph (7)
 A - a wand of roots (3)
Scrolls
 c - a scroll of poison {unknown}
 l - 9 scrolls of identify
 s - 2 scrolls of revelation
 B - 3 scrolls of fog
 E - 2 scrolls of blinking
 F - a scroll of silence
 H - 2 scrolls of vulnerability
 I - 2 scrolls of summoning
 K - 3 scrolls of fear
 M - 3 scrolls of teleportation
Potions
 j - 3 potions of might
 k - 2 potions of resistance
 n - a potion of attraction
 p - 6 potions of haste
 q - 2 potions of magic
 r - 2 potions of berserk rage
 u - 4 potions of lignification
 x - 2 potions of ambrosia
 C - 2 potions of enlightenment
 J - 2 potions of heal wounds
Miscellaneous
 L - a lightning rod (4/4)


   Skills:
 + Level 14.3 Fighting
 + Level 16.6(16.7) Axes
 + Level 3.2(12.2) Maces & Flails
 + Level 1.3 Throwing
 + Level 14.3 Armour
 + Level 4.1 Dodging
 + Level 3.5 Stealth
 + Level 11.6 Shields


You had 15 spell levels left.
You didn't know any spells.
Your spell library was empty.

Dungeon Overview and Level Annotations

Branches:
Dungeon (15/15)            Temple (0/1) D:5            Lair (5/5) D:10
 Shoals (0/4) Lair:3        Snake (0/4) Lair:3        Slime (0/5) Lair:5
    Orc (0/2) D:12         Vaults (0/5) D:14         Depths (0/4) D:15
 Bailey (visited)

Altars:
Ashenzari
Fedhas
Hepliaklqana
Nemelex Xobeh
Okawaru
Uskayaw
Xom
Yredelemnul

Shops:
D:6 !   D:12 =

Portals:
Trove: D:11 (give +4 storm dragon scales)

Annotations:
Lair:3 1 transporter


Innate Abilities, Weirdness & Mutations

You are immune to sickness and miasma.
Your stone body is resilient. (AC +12)
You are immune to poison.
Your large and strong wings let you fly.
You resist negative energy. (rN+)
You are resistant to electric shocks. (rElec)
You are resistant to unholy torment.
You are immune to petrification.


Message History

You slice the purple very ugly thing!!
The purple very ugly thing looks as sick as possible!
The purple very ugly thing is moderately wounded.
You closely miss the deep elf pyromancer.
The liquid fire burns you!
* * * LOW HITPOINT WARNING * * *
The purple very ugly thing pecks you but does no damage.
You slash the purple very ugly thing!
The purple very ugly thing looks as sick as possible!
The purple very ugly thing is moderately wounded.
You slice the deep elf pyromancer!!
You kill the deep elf pyromancer!
Trog accepts your kill.
Trog appreciates your killing of a magic user.
The liquid fire burns you!
* * * LOW HITPOINT WARNING * * *
You slash the purple very ugly thing!
The purple very ugly thing looks as sick as possible!
The purple very ugly thing is heavily wounded.
The liquid fire burns you!
* * * LOW HITPOINT WARNING * * *
You block the purple very ugly thing's attack.
You barely miss the purple very ugly thing.
The purple very ugly thing is heavily wounded.
The liquid fire burns you!
* * * LOW HITPOINT WARNING * * *
You closely miss the purple very ugly thing.
The purple very ugly thing is severely wounded.
The liquid fire burns you!
* * * LOW HITPOINT WARNING * * *
The purple very ugly thing pecks you!
* * * LOW HITPOINT WARNING * * *
You closely miss the purple very ugly thing.
The purple very ugly thing is severely wounded.
The liquid fire burns you!
* * * LOW HITPOINT WARNING * * *
You closely miss the purple very ugly thing.
The purple very ugly thing is severely wounded.
The liquid fire burns you!
You die... #..#.#..# ≈PPP

##....).# #.......#
#.#.#.## #.......#
##+#'## ##......#######
##.#.#.# ##...#..##.....
#......# #...#...#
#...#+#.##..#
#..#....##. #...#..#.#.#
##......##...#u#'#).##.#
#.......##....)@#......#
##...##.##.#.#.########+
##.#.#.# +# #..##..#
#......# ##.....#
#...#..# #..##..#
#......#


You could see a purple very ugly thing (extremely poisoned).

Vanquished Creatures
  3 azure jellies (Lair:5)
  5 quicksilver oozes
  2 great orbs of eyes
  7 hydras
  3 vault guards
  2 rakshasas
  3 boulder beetles
  3 catoblepae (Lair:5)
  7 centaur warriors
  6 death yaks (Lair:5)
  4 tengu warriors
  3 two-headed ogres
  2 skysharks
  5 skeletal warriors
  Lodul (D:13)
  2 arcanists (D:14)
  3 deep elf pyromancers
  4 necromancers (D:14)
  10 ugly things
  3 cyclopes
  5 manticores
  A meliai (shapeshifter) (D:10)
  5 black mambas
  13 cane toads
  A gargoyle (D:12)
  2 rime drakes
  2 unseen horrors
  A torpor snail (Lair:5)
  Maggie (D:8)
  3 tengu conjurers
  3 freezing wraiths
  4 kobold demonologists
  9 komodo dragons
  3 trolls
  A hornet (D:10)
  A polar bear (Lair:2)
  8 blink frogs (Lair:5)
  Prince Ribbit (D:6)
  15 slime creatures
  A centaur simulacrum (D:14)
  74 yaks
  16 humans
  3 wyverns
  A basilisk (D:15)
  2 wargs
  A vampire mosquito (D:10)
  A steam dragon (Lair:2)
  2 acid dragons
  3 nagas (Lair:3)
  14 water moccasins
  An ice beast (D:6)
  12 orc warriors
  A sky beast (D:8)
  2 laughing skulls (D:14)
  3 black bears
  11 ogres
  A boggart (D:15)
  19 centaurs
  17 wolves
  2 phantoms
  7 kobold brigands
  A gnoll sergeant (D:9)
  9 bullfrogs
  3 scorpions
  5 wights (D:7)
  6 killer bees (D:9)
  5 howler monkeys
  2 lava snakes (D:12)
  2 bombardier beetles
  5 hounds
  24 jellies
  8 orc priests
  3 sleepcaps
  An iguana (D:5)
  16 orc wizards
  Terence (D:2)
  15 gnolls
  9 adders
  2 shadow imps (D:6)
  A white imp (D:5)
  4 dart slugs
  A ribbon worm (D:2)
  76 orcs
  8 ball pythons
  10 endoplasms
  6 giant cockroaches
  5 hobgoblins
  A jackal (D:3)
  18 kobolds
  2 quokkas
  8 bats
  4 frilled lizards
  20 goblins
  6 rats
  A spectral orc (D:11)
639 creatures vanquished.

Vanquished Creatures (collateral kills)
  An ice dragon (D:9)
  A boulder beetle (D:15)
  4 skeletal warriors
6 creatures vanquished.

Vanquished Creatures (others)
  A centaur (D:12)
1 creature vanquished.

Grand Total: 646 creatures vanquished

Notes
Turn   | Place    | Note
-------+----------+-------------------------------------------
     0 | D:1      | Gargoyl the Gargoyle Berserker began the quest for the Orb.
     0 | D:1      | Reached XP level 1. HP: 14/14 MP: 1/1
   210 | D:1      | Reached XP level 2. HP: 15/19 MP: 2/2
   237 | D:1      | Reached skill level 3 in Axes
   512 | D:1      | Reached XP level 3. HP: 22/24 MP: 3/3
   663 | D:1      | Reached ** piety under Trog
   899 | D:2      | Noticed Terence
   907 | D:2      | Killed Terence
   908 | D:2      | Reached XP level 4. HP: 29/29 MP: 4/4
  1008 | D:2      | Reached skill level 1 in Stealth
  1285 | D:3      | Reached XP level 5. HP: 32/33 MP: 5/5
  1305 | D:3      | Reached skill level 4 in Axes
  1817 | D:3      | Identified the +1 sling "Transmigrator" {drain, rElec rC+
                  | Str+3 Int+3 Dex-5}
  2334 | D:4      | Reached XP level 6. HP: 35/39 MP: 6/6
  2334 | D:4      | Reached *** piety under Trog
  3027 | D:4      | Reached skill level 5 in Axes
  3136 | D:4      | Found a basalt altar of Yredelemnul.
  3137 | D:4      | Found a blossoming altar of Fedhas.
  3254 | D:5      | Entered Level 5 of the Dungeon
  3266 | D:5      | Reached XP level 7. HP: 44/44 MP: 7/7
  3266 | D:5      | Found a staircase to the Ecumenical Temple.
  3389 | D:5      | Reached skill level 1 in Shields
  3608 | D:5      | Reached skill level 6 in Axes
  3619 | D:5      | Reached skill level 5 in Fighting
  3619 | D:5      | Reached XP level 8. HP: 44/49 MP: 8/8
  4190 | D:6      | Noticed Prince Ribbit
  4198 | D:6      | Killed Prince Ribbit
  4205 | D:6      | Reached skill level 5 in Armour
  4345 | D:6      | Found Ucowa's Distillery.
  4352 | D:6      | Reached skill level 7 in Axes
  4374 | D:6      | Bought a potion of heal wounds for 60 gold pieces
  4374 | D:6      | Bought a potion of curing for 36 gold pieces
  4374 | D:6      | Bought 2 potions of curing for 72 gold pieces
  4374 | D:6      | Bought a potion of curing for 36 gold pieces
  4405 | D:6      | Reached **** piety under Trog
  4587 | D:6      | Reached XP level 9. HP: 55/55 MP: 9/9
  5420 | D:7      | Reached skill level 8 in Axes
  6257 | D:8      | Reached skill level 9 in Axes
  6427 | D:8      | Identified the +0 robe of the Iron City of Dis {Str+2}
  6473 | D:8      | Reached XP level 10. HP: 61/61 MP: 10/10
  6646 | D:8      | Reached skill level 5 in Shields
  6907 | D:8      | Noticed Maggie
  6923 | D:8      | Killed Maggie
  7309 | D:9      | Reached skill level 10 in Axes
  7559 | D:9      | Noticed an ice dragon
  7571 | D:9      | Killed an ice dragon
  7956 | D:9      | Killed an unseen horror
  8200 | D:9      | Reached XP level 11. HP: 67/67 MP: 11/11
  8529 | D:10     | Entered Level 10 of the Dungeon
  8558 | D:10     | Reached skill level 11 in Axes
  8833 | D:10     | Noticed a red ugly thing
  8847 | D:10     | Killed a red ugly thing
  8877 | D:10     | Found a flagged portal.
  8897 | Bailey   | Entered a bailey
  9138 | Bailey   | Noticed an orc knight
  9138 | Bailey   | Noticed an orc knight
  9563 | D:10     | Found a staircase to the Lair.
  9754 | D:10     | Noticed a tengu warrior
  9755 | D:10     | Noticed a boulder beetle
  9769 | D:10     | Killed a tengu warrior
  9773 | D:10     | Killed a boulder beetle
  9806 | D:10     | Noticed an eight-headed hydra
  9916 | D:10     | Killed an eight-headed hydra
  9917 | D:10     | Reached skill level 12 in Axes
 10050 | Lair:1   | Entered Level 1 of the Lair of Beasts
 10103 | Lair:1   | Reached XP level 12. HP: 55/75 MP: 12/12
 10353 | Lair:1   | Identified the +9 falchion of Recklessness {holy, rPois rC+
                  | rN++ Dex-5}
 10425 | Lair:1   | Reached skill level 10 in Armour
 10534 | Lair:1   | Found a hide-covered altar of Uskayaw.
 11302 | Lair:2   | Noticed a boulder beetle
 11320 | Lair:2   | Killed a boulder beetle
 11493 | Lair:2   | Reached skill level 13 in Axes
 11622 | Lair:2   | Noticed a skyshark
 11637 | Lair:2   | Killed a skyshark
 12169 | Lair:3   | Noticed a five-headed hydra
 12182 | Lair:3   | Killed a five-headed hydra
 12286 | Lair:3   | Noticed an eight-headed hydra
 12302 | Lair:3   | Killed an eight-headed hydra
 12303 | Lair:3   | Reached skill level 1 in Maces & Flails
 12623 | Lair:3   | Found a staircase to the Snake Pit.
 12718 | Lair:3   | Reached skill level 10 in Fighting
 12856 | Lair:3   | Found a transporter.
 12880 | Lair:3   | Reached XP level 13. HP: 78/82 MP: 13/13
 13093 | Lair:3   | Found a transporter.
 13103 | Lair:3   | Found a blossoming altar of Fedhas.
 13203 | Lair:3   | Found a staircase to the Shoals.
 13819 | Lair:4   | Noticed a quicksilver ooze
 13833 | Lair:4   | Killed a quicksilver ooze
 14099 | Lair:4   | Found a sparkling altar of Nemelex Xobeh.
 14694 | Lair:5   | Entered Level 5 of the Lair of Beasts
 14728 | Lair:5   | Reached skill level 14 in Axes
 15155 | Lair:5   | Found a staircase to the Slime Pits.
 15703 | Lair:5   | Noticed a quicksilver ooze
 15705 | Lair:5   | Noticed an azure jelly
 15799 | Lair:5   | Noticed a quicksilver ooze
 15969 | Lair:5   | Noticed a great orb of eyes
 15984 | Lair:5   | Killed a great orb of eyes
 15985 | Lair:5   | Reached skill level 1 in Throwing
 16008 | Lair:5   | Killed a quicksilver ooze
 16009 | Lair:5   | Gained mutation: Your large and strong wings let you fly.
                  | [Gargoyle growth]
 16009 | Lair:5   | Reached XP level 14. HP: 47/90 MP: 1/14
 16147 | Lair:5   | Noticed a quicksilver ooze
 16155 | Lair:5   | Killed a quicksilver ooze
 16302 | Lair:5   | Noticed an azure jelly
 16315 | Lair:5   | Killed an azure jelly
 16413 | Lair:5   | Noticed an azure jelly
 16435 | Lair:5   | Killed an azure jelly
 16452 | Lair:5   | Killed a quicksilver ooze
 16500 | Lair:5   | Noticed a quicksilver ooze
 16512 | Lair:5   | Killed a quicksilver ooze
 16513 | Lair:5   | Reached skill level 15 in Axes
 16572 | Lair:5   | Killed an azure jelly
 16635 | Lair:5   | Reached skill level 10 in Shields
 17883 | D:11     | Found a portal to a secret trove of treasure.
 18308 | D:11     | Found a hazy altar of Hepliaklqana.
 18609 | D:12     | Found an iron altar of Okawaru.
 19004 | D:12     | Reached XP level 15. HP: 97/97 MP: 15/15
 19082 | D:12     | Found a staircase to the Orcish Mines.
 19251 | D:12     | Found Acuithut's Jewellery Shoppe.
 19259 | D:12     | Bought the ring of Altruism {rF+ Will+} for 413 gold pieces
 20089 | D:13     | Noticed Lodul
 20093 | D:13     | Reached skill level 16 in Axes
 20100 | D:13     | Killed Lodul
 20198 | D:13     | Found a broken altar of Ashenzari.
 20460 | D:13     | Identified the +1 robe "Beulon" {rCorr Dex+4}
 21750 | D:14     | Identified the +1 robe of Yttul {Regen+ Str+2 Dex+4}
 21852 | D:14     | Found a gate to the Vaults.
 21943 | D:15     | Entered Level 15 of the Dungeon
 22170 | D:15     | Found a shimmering altar of Xom.
 22170 | D:15     | Found a broken altar of Ashenzari.
 22171 | D:15     | Found an iron altar of Okawaru.
 22242 | D:15     | HP: 4/100 [disintegration (31)]
 22276 | D:15     | Reached XP level 16. HP: 63/106 MP: 16/16
 22329 | D:15     | Found a staircase to the Depths.
 22546 | D:15     | HP: 7/159 [purple very ugly thing (12)]
 22547 | D:15     | HP: 2/159 [burnt (5)]
 22548 | D:15     | Incinerated by a deep elf pyromancer

Illustrated notes

Levels and vault maps discovered:
D:1:      ldierk_walled_garden, layout_loops_ring
D:2:      layout_basic, serial_bayou_pond_c, uniq_terence
D:3:      minmay_angry_zag, layout_basic, grunt_ministairs_3
D:4:      layout_basic, gammafunk_temple_overflow_pools,
          kennysheep_generic_room_3
D:5:      layout_loops_ring, minmay_temple_entry_drinking_statues,
          minmay_misc_feat_ornament, minmay_misc_feat_room,
          grunt_decor_arrowhead
D:6:      layout_cave_pods, serial_shops, nicolae_shop_tiny_glass,
          grunt_ministairs_10, minmay_ogre_servants, uniq_prince_ribbit1
D:7:      layout_loops_corners, corexii_hall_statues_s
D:8:      layout_basic, blue_anna_alchemist, uniq_maggie
D:9:      dragon1_lemuel, layout_layer_cave, st_stairs_5
D:10:     layout_rooms, erik_lair_orcish_takeover, special_room
          [special_room_orc], enter_bailey_5, minmay_shattered_shrine
D:11:     layout_small_grid, enter_trove_5,
          nicolae_hepliaklqana_monster_ancestors
D:12:     layout_basic, david_orc_3, serial_shops,
          nicolae_shop_tiny_statue_garden, st_stairs_2, okawaru_humans
D:13:     layout_cave_pools, minivault_24, nicolae_ashenzari_skybound,
          uniq_lodul
D:14:     layout_rooms, grunt_vaults_entry_tiered, abandoned_shop,
          minmay_librarian
D:15:     hangedman_slaughterboxes
Lair:1:   layout_gridlike, basic_altar, beast_lair_carwin_7
Lair:2:   layout_regular_city, chequers_serial_rivers_micro_d
Lair:3:   gammafunk_worm_tunnel, layout_regular_city,
          minmay_shoals_entry_centaurs, nicolae_snake_entry_squirm, basic_altar,
          guppyfry_lair_drakes, infiniplex_staircase_pool_2
Lair:4:   layout_big_grid, basic_altar, nicolae_lair_time_for_slime
Lair:5:   evilmike_catoblepas_cave, layout_gridlike,
          nicolae_slime_entry_slimehenge, special_room [special_room_jelly]

Skill      XL: |  1  2  3  4  5  6  7  8  9 10 11 12 13 14 15 |
---------------+----------------------------------------------+-----
Axes           | 3 4 5 6 7 9 10 12 13 14 15 16 | 16.6
Fighting       | 4 5 6 7 8 10 11 12 14 | 14.3
Stealth        | 1 2 3 |  3.5
Dodging        | 2 3 4 |  4.1
Armour         | 3 4 5 7 8 9 11 12 13 14 | 14.3
Shields        | 1 2 4 6 7 8 9 10 11 | 11.6
Maces & Flails | 2 3 |  3.2
Throwing       | 1 |  1.3

Action                     |  1- 3 |  4- 6 |  7- 9 | 10-12 | 13-15 | 16-18 || total
---------------------------+-------+-------+-------+-------+-------+-------++-------
  Melee: Hand axe          |   118 |   201 |   377 |   307 |       |       ||  1003
         Punch             |     2 |     1 |       |       |       |       ||     3
         War axe           |       |       |       |   260 |  1013 |    34 ||  1307
         Flail             |       |       |       |    24 |    11 |       ||    35
  Throw: Dart              |       |       |       |     4 |     7 |       ||    11
 Invoke: Berserk           |     1 |     5 |     6 |    15 |    24 |     1 ||    52
         Trog's Hand       |       |       |     4 |    15 |    30 |     1 ||    50
         Brothers in Arms  |       |       |       |     3 |     4 |       ||     7
    Use: Scroll            |     1 |     9 |     4 |    13 |    14 |       ||    41
         Potion            |       |       |       |     4 |    11 |       ||    15
   Stab: Sleeping          |     1 |       |       |       |       |       ||     1
         Distracted        |       |     1 |       |     1 |       |       ||     2
         Petrified         |       |       |       |       |     6 |       ||     6
 Armour: Animal skin       |    69 |       |       |       |       |       ||    69
         Chain mail        |       |   184 |       |       |       |       ||   184
         Plate armour      |       |       |   350 |   634 |  1113 |    39 ||  2136
  Dodge: Dodged            |    86 |   101 |   135 |   262 |   403 |     5 ||   992
  Block: Buckler           |       |    22 |    75 |   217 |   417 |    17 ||   748

Table legend: (Time is in decaauts)
 A = Elapsed time spent in this place.
 B = Non-inter-level travel time spent in this place.
 C = Inter-level travel time spent in this place.
 D = Time resting spent in this place.
 E = Time spent auto-exploring this place.
 F = Levels seen in this place.
 G = Mean time per level.
                   A        B        C        D        E       F      G
               +--------+--------+--------+--------+--------+-----+--------+
         Total |  22704 |  21868 |    836 |   2991 |  13814 |  21 | 1081.1 |
       Dungeon |  14898 |  14350 |    548 |   1424 |   9499 |  15 |  993.2 |
          Lair |   7538 |   7250 |    288 |   1567 |   4192 |   5 | 1507.6 |
        Bailey |    267 |    267 |      0 |      0 |    123 |   1 |  267.0 |
               +--------+--------+--------+--------+--------+-----+--------+

Top non-repeatable levels by time:
  Lair:5: 2784 daAuts
  Lair:3: 1575 daAuts
    D:12: 1574 daAuts
     D:9: 1329 daAuts
    D:10: 1253 daAuts
    D:14: 1222 daAuts
  Lair:2: 1191 daAuts
     D:3: 1170 daAuts
     D:7: 1121 daAuts
  Lair:4: 1036 daAuts
     D:8: 1023 daAuts
     D:4: 969 daAuts
     D:6: 967 daAuts
  Lair:1: 949 daAuts
     D:5: 920 daAuts
